 Dungeon Crawl Stone Soup version 0.16-b1 (webtiles) character file.

406 Zapata the Cudgeler (level 7, -1/41 HPs)
             Began as a Kobold Berserker on Mar 15, 2015.
             Was a Priest of Trog.
             Slain by Grinder (8 damage)
             ... on level 4 of the Dungeon.
             The game lasted 00:05:20 (3887 turns).

Zapata the Cudgeler (Kobold Berserker)              Turns: 3887, Time: 00:05:20

Health: -1/41      AC:  4    Str: 16    XL:     7   Next: 12%
Magic:  7/7        EV: 16    Int:  5    God:    Trog [***...]
Gold:   251        SH:  0    Dex: 20    Spells: 0 memorised, 6 levels left

rFire  . . .     SeeInvis .     a - +0 mace
rCold  . . .     Clarity  +     l - +0 robe {MR+}
rNeg   . . .     SustAb   +     (no shield)
rPois  .         Gourm    .     u - +2 hat
rElec  .         Spirit   .     (no cloak)
rCorr  .         Warding  .     (no gloves)
rMut   .         Stasis   .     (no boots)
MR     +....                    k - amulet of clarity
Stlth  ++........               w - +3 ring of dexterity
                                q - ring of sustain abilities

@: exhausted, slowed, very slow, somewhat resistant to hostile enchantments,
unstealthy
A: carnivore 3
a: Burn Spellbooks, Berserk, Trog's Hand, Renounce Religion


You were on level 4 of the Dungeon.
You worshipped Trog.
Trog was most pleased with you.
You were not hungry.

You visited 1 branch of the dungeon, and saw 7 of its levels.

You collected 251 gold pieces.

Inventory:

Hand weapons
 a - a +0 mace (weapon)
Armour
 l - a +0 robe of magic resistance (worn)
 u - a +2 hat (worn)
Jewellery
 k - an amulet of clarity (around neck)
 q - a ring of sustain abilities (left hand)
 w - a +3 ring of dexterity (right hand)
Scrolls
 b - 2 scrolls of fear {unknown}
 d - 4 scrolls of identify {unknown}
 e - a scroll of remove curse {unknown}
 m - 2 scrolls of recharging {unknown}
 o - a scroll of amnesia {unknown}
 s - a scroll of immolation {unknown}
 t - a scroll of fog {unknown}
 v - a scroll of magic mapping {unknown}
Potions
 g - a potion of ambrosia {unknown}
 h - 3 potions of heal wounds {unknown}
 i - 3 potions of curing {unknown}
 j - a potion of restore abilities {unknown}
 n - a potion of berserk rage {unknown}
Comestibles
 c - 2 meat rations
 f - 2 beef jerkies
 p - a slice of pizza
 r - a royal jelly


   Skills:
 - Level 3.2 Fighting
 + Level 7.5 Maces & Flails
 - Level 1.5 Armour
 - Level 2.4 Dodging


You had 6 spell levels left.
You didn't know any spells.

Dungeon Overview and Level Annotations

Branches:
Dungeon (7/15)
 Temple: D:4-7

Altars:
Gozag
Okawaru
Ru
Yredelemnul

Annotations:
D:4 Grinder


Innate Abilities, Weirdness & Mutations

You are small and have problems with some larger weapons.
You are carnivorous and can eat meat at any time.


Message History

Unknown command.
Grinder gestures at you. Pain shoots through your body!
You hit Grinder.
Grinder is almost dead.
Grinder hits you!
You writhe in agony.
You writhe in agony.
You closely miss Grinder.
Grinder is almost dead.
Grinder closely misses you. Grinder hits you!
* * * LOW HITPOINT WARNING * * *
You writhe in agony.
* * * LOW HITPOINT WARNING * * *
You hit Grinder.
Grinder is almost dead.
Grinder barely misses you.
You barely miss Grinder.
Grinder is almost dead.
Grinder grins, showing sharp teeth.
Grinder barely misses you. Grinder hits you!
You die...

............# .
............##>.#
...............#
.........<.....##
..........)....#
#..............##
#...............#
#.............?.#
##.....@........#
#....5.........
#..............
##.............
#............
#...........
..##....... #
#######


You could see Grinder.

Vanquished Creatures
  2 crimson imps
  An orc priest (D:4)
  2 giant frog skeletons
  A gnoll shaman (D:4)
  An orc wizard (D:4)
  2 worker ants (D:4)
  Robin (D:3)
  3 gnolls (D:4)
  3 adders
  2 worms
  6 orcs
  A ball python (D:2)
  7 bats
  A bat skeleton (D:4)
  14 hobgoblins
  4 kobolds (D:2)
  3 quokkas
  4 giant cockroaches
  3 giant newts
  14 goblins
  3 jackals (D:2)
  8 rats
  A spectral orc (D:2)
87 creatures vanquished.

Notes
Turn   | Place    | Note
--------------------------------------------------------------
     0 | D:1      | Zapata, the Kobold Berserker, began the quest for the Orb.
     0 | D:1      | Reached XP level 1. HP: 14/14 MP: 1/1
   272 | D:1      | Reached XP level 2. HP: 10/19 MP: 2/2
   820 | D:2      | Reached skill level 4 in Maces & Flails
   820 | D:2      | Reached XP level 3. HP: 21/23 MP: 3/3
  1044 | D:2      | Acquired Trog's second power
  1545 | D:2      | Reached XP level 4. HP: 28/28 MP: 4/4
  1810 | D:2      | Found a basalt altar of Yredelemnul.
  2053 | D:3      | Noticed Robin
  2070 | D:3      | Killed Robin
  2070 | D:3      | Reached skill level 5 in Maces & Flails
  2387 | D:3      | Reached XP level 5. HP: 28/32 MP: 5/5
  2553 | D:4      | Reached skill level 6 in Maces & Flails
  2558 | D:4      | Reached XP level 6. HP: 18/37 MP: 6/6
  2573 | D:4      | Found a sacrificial altar of Ru.
  2756 | D:4      | Found an iron altar of Okawaru.
  2880 | D:4      | You fall through a shaft for 3 floors!
  2993 | D:5      | Entered Level 5 of the Dungeon
  3198 | D:5      | Reached skill level 7 in Maces & Flails
  3367 | D:5      | Found an opulent altar of Gozag.
  3476 | D:4      | Reached XP level 7. HP: 41/41 MP: 7/7
  3668 | D:4      | Noticed Grinder
  3887 | D:4      | Slain by Grinder

Action                   |  1- 3 |  4- 6 |  7- 9 || total
-------------------------+-------+-------+-------++-------
Melee: Mace              |   107 |   170 |    37 ||   314
Invok: Berserk           |     2 |     4 |     3 ||     9
       Trog's Hand       |     1 |       |       ||     1
 Stab: Sleeping          |     1 |       |       ||     1
  Eat: Chunk             |     8 |    10 |     1 ||    19
